SAA
VIRGINIA BEACH DEUCES @ ATHLETIC CLUB KC ACADEMY
06/16/2021
 
TOP OF THE 1ST
Virginia Beach Deuces batting - Pitching for Athletic Club KC Academy : RHP Jason Hamilton
Pitching: RHP Jason Hamilton
Batting: SHB José Quintero 0-0: Ball
1-0: Called Strike
1-1: Swinging Strike
1-2: Strikes out swinging
Batting: LHB Jay Carlson 0-0: Ball
1-0: Swinging Strike
1-1: Foul Ball, location: 2F
1-2: Strikes out swinging
Batting: RHB Javier Santos 0-0: Called Strike
0-1: Ball
1-1: Ball
2-1: SINGLE (Line Drive, 4M)
Batting: RHB Lorenzo Ramírez 0-0: Called Strike
0-1: Ball
1-1: Ball
2-1: Called Strike
2-2: Strikes out looking
Top of the 1st over - 0 run(s), 1 hit(s), 0 error(s), 1 left on base; Virginia Beach 0 - Athletic Club KC Academy 0
BOTTOM OF THE 1ST
Athletic Club KC Academy batting - Pitching for Virginia Beach Deuces : LHP Sam Rollins
Pitching: LHP Sam Rollins
Batting: SHB António Montés 0-0: Swinging Strike
0-1: SINGLE (Line Drive, 6)
Batting: RHB Chris Teague 0-0: Ball
1-0: Ball
2-0: Ball
3-0: Base on Balls
António Montés to second
Batting: RHB Glenn Woods 0-0: Fly out, F2 (Popup, 23F)
Batting: RHB Jorge Rodríguez 0-0: Called Strike
0-1: Ball
1-1: Ball
2-1: Grounds into double play, 6-4-3 (Groundball, 6M)
Bottom of the 1st over - 0 run(s), 1 hit(s), 0 error(s), 1 left on base; Virginia Beach 0 - Athletic Club KC Academy 0
TOP OF THE 2ND
Virginia Beach Deuces batting - Pitching for Athletic Club KC Academy : RHP Jason Hamilton
Batting: RHB Luis Sáenz 0-0: Called Strike
0-1: Called Strike
0-2: Ball
1-2: Ball
2-2: Foul Ball, location: 2F
2-2: Ball
3-2: Base on Balls
Batting: SHB Mark Kennedy 0-0: Ball
1-0: Swinging Strike
1-1: Ball
2-1: Ball
3-1: Base on Balls
Luis Sáenz to second
Batting: RHB Gerald Sims 0-0: Called Strike
0-1: Swinging Strike
0-2: Strikes out swinging
Batting: RHB Dana Akers 0-0: Foul Ball, location: 2F
0-1: Ball
1-1: Foul Ball, location: 2F
1-2: Strikes out swinging
Batting: RHB Jim Unknown 0-0: Ball
1-0: Ball
2-0: Ball
3-0: Foul Ball, location: 2F
3-1: Base on Balls
Luis Sáenz to third
Mark Kennedy to second
Batting: SHB José Quintero 0-0: Foul Ball, location: 2F
0-1: Ball
1-1: Swinging Strike
1-2: Ball
2-2: Ball
3-2: Foul Ball, location: 2F
3-2: Strikes out swinging
Top of the 2nd over - 0 run(s), 0 hit(s), 0 error(s), 3 left on base; Virginia Beach 0 - Athletic Club KC Academy 0
BOTTOM OF THE 2ND
Athletic Club KC Academy batting - Pitching for Virginia Beach Deuces : LHP Sam Rollins
Batting: RHB John Williams 0-0: Ball
1-0: Called Strike
1-1: Foul Ball, location: 2F
1-2: Ball
2-2: Strikes out swinging
Batting: RHB Ellis Martin 0-0: Ground out 1-3 (Groundball, 23)
Batting: LHB José Durán 0-0: Foul Ball, location: 2F
0-1: Ball
1-1: Ground out 4-3 (Groundball, 4)
Bottom of the 2nd over - 0 run(s), 0 hit(s), 0 error(s), 0 left on base; Virginia Beach 0 - Athletic Club KC Academy 0
TOP OF THE 3RD
Virginia Beach Deuces batting - Pitching for Athletic Club KC Academy : RHP Jason Hamilton
Batting: LHB Jay Carlson 0-0: Fly out, F5 (Line Drive, 56)
Batting: RHB Javier Santos 0-0: Ball
1-0: Foul Ball, location: 2F
1-1: Ball
2-1: SINGLE (Groundball, 5D)
Batting: RHB Lorenzo Ramírez 0-0: Foul Ball, location: 2F
0-1: Ground out 2-3 (Groundball, 15S)
Javier Santos to second
Batting: RHB Luis Sáenz 0-0: SINGLE (Line Drive, 89M)
Javier Santos to third
Batting: SHB Mark Kennedy 0-0: Ball
1-0: SINGLE (Groundball, 5D)
Javier Santos scores
Luis Sáenz to second
Batting: RHB Gerald Sims 0-0: Called Strike
0-1: Swinging Strike
0-2: Ball
1-2: SINGLE (Line Drive, 8LS)
Luis Sáenz to third
Mark Kennedy to second
Runner from 3rd tries for Home, SAFE, no throw or cutoff
Batting: RHB Dana Akers 0-0: Ball
1-0: Called Strike
1-1: Ball
2-1: Ball
3-1: Base on Balls
Mark Kennedy to third
Gerald Sims to second
Batting: RHB Jim Unknown 0-0: Called Strike
0-1: Ball
1-1: Ball
2-1: Called Strike
2-2: Ball
3-2: Foul Ball, location: 2F
3-2: Fly out, F6 (Popup, 6M)
Top of the 3rd over - 2 run(s), 4 hit(s), 0 error(s), 3 left on base; Virginia Beach 2 - Athletic Club KC Academy 0
BOTTOM OF THE 3RD
Athletic Club KC Academy batting - Pitching for Virginia Beach Deuces : LHP Sam Rollins
Batting: SHB Don Holmes 0-0: Swinging Strike
0-1: Ball
1-1: Ball
2-1: Fly out, F4 (Line Drive, 4)
Batting: RHB Bob Curry 0-0: Ball
1-0: Swinging Strike
1-1: Ball
2-1: Swinging Strike
2-2: Strikes out looking
Batting: SHB António Montés 0-0: Reached on error, E3 (Groundball, 3L)
Batting: RHB Chris Teague 0-0: Swinging Strike
0-1: Ball
1-1: Called Strike
1-2: Ball
2-2: Strikes out looking
Bottom of the 3rd over - 0 run(s), 0 hit(s), 1 error(s), 1 left on base; Virginia Beach 2 - Athletic Club KC Academy 0
TOP OF THE 4TH
Virginia Beach Deuces batting - Pitching for Athletic Club KC Academy : RHP Jason Hamilton
Batting: SHB José Quintero 0-0: Foul Ball, location: 2F
0-1: Called Strike
0-2: Foul Ball, location: 2F
0-2: Ball
1-2: Strikes out swinging
Batting: LHB Jay Carlson 0-0: Called Strike
0-1: DOUBLE (Groundball, 3L)
Batting: RHB Javier Santos 0-0: Ball
1-0: Called Strike
1-1: DOUBLE (Flyball, 8LM)
Jay Carlson scores
Batting: RHB Lorenzo Ramírez 0-0: Ground out 5-3 (Groundball, 56)
Batting: RHB Luis Sáenz 0-0: Ball
1-0: Ball
2-0: Foul Ball, location: 2F
2-1: Swinging Strike
2-2: Strikes out looking
Top of the 4th over - 1 run(s), 2 hit(s), 0 error(s), 1 left on base; Virginia Beach 3 - Athletic Club KC Academy 0
BOTTOM OF THE 4TH
Athletic Club KC Academy batting - Pitching for Virginia Beach Deuces : LHP Sam Rollins
Batting: RHB Glenn Woods 0-0: Ball
1-0: Swinging Strike
1-1: Ground out 4-3 (Groundball, 34)
Batting: RHB Jorge Rodríguez 0-0: Ball
1-0: Ball
2-0: Ball
3-0: Called Strike
3-1: Ground out 6-3 (Groundball, 6)
Batting: RHB John Williams 0-0: Called Strike
0-1: Swinging Strike
0-2: Strikes out swinging
Bottom of the 4th over - 0 run(s), 0 hit(s), 0 error(s), 0 left on base; Virginia Beach 3 - Athletic Club KC Academy 0
TOP OF THE 5TH
Virginia Beach Deuces batting - Pitching for Athletic Club KC Academy : RHP Jason Hamilton
Batting: SHB Mark Kennedy 0-0: Called Strike
0-1: Foul Ball, location: 2F
0-2: Ball
1-2: Ball
2-2: Foul Ball, location: 2F
2-2: Foul Ball, location: 2F
2-2: Strikes out swinging
Batting: RHB Gerald Sims 0-0: Ball
1-0: Foul Ball, location: 2F
1-1: Foul Ball, location: 2F
1-2: Ball
2-2: Ball
3-2: Fly out, F8 (Line Drive, 8RM)
Batting: RHB Dana Akers 0-0: Ground out U3 (Groundball, 3L)
Top of the 5th over - 0 run(s), 0 hit(s), 0 error(s), 0 left on base; Virginia Beach 3 - Athletic Club KC Academy 0
BOTTOM OF THE 5TH
Athletic Club KC Academy batting - Pitching for Virginia Beach Deuces : LHP Sam Rollins
Batting: RHB Ellis Martin 0-0: SOLO HOME RUN (Flyball, 7D), Distance : 382 ft
Batting: LHB José Durán 0-0: Called Strike
0-1: Called Strike
0-2: Ball
1-2: Ground out 5-3 (Groundball, 5L)
Batting: SHB Don Holmes 0-0: Ball
1-0: Ball
2-0: Ball
3-0: Base on Balls
Batting: RHB Bob Curry 0-0: Called Strike
0-1: Ball
1-1: Ball
2-1: Foul Ball, location: 2F
2-2: Ground out 3-1 (Groundball, 34)
Don Holmes to second
Batting: SHB António Montés 0-0: Called Strike
0-1: Fly out, F6 (Popup, 6MD)
Bottom of the 5th over - 1 run(s), 1 hit(s), 0 error(s), 1 left on base; Virginia Beach 3 - Athletic Club KC Academy 1
TOP OF THE 6TH
Virginia Beach Deuces batting - Pitching for Athletic Club KC Academy : RHP Jason Hamilton
Batting: RHB Jim Unknown 0-0: SINGLE (Line Drive, 6MD)
Batting: SHB José Quintero 0-0: Sac Bunt - play at first, batter OUT! 1-3
Jim Unknown to second
Batting: LHB Jay Carlson 0-0: 2-RUN HOME RUN (Flyball, 9D), Distance : 361 ft
Batting: RHB Javier Santos 0-0: Ball
1-0: Fly out, F4 (Line Drive, 4)
Batting: RHB Lorenzo Ramírez 0-0: Ball
1-0: Ball
2-0: Called Strike
2-1: Called Strike
2-2: Fly out, F9 (Flyball, 9M)
Top of the 6th over - 2 run(s), 2 hit(s), 0 error(s), 0 left on base; Virginia Beach 5 - Athletic Club KC Academy 1
BOTTOM OF THE 6TH
Athletic Club KC Academy batting - Pitching for Virginia Beach Deuces : LHP Sam Rollins
Batting: RHB Chris Teague 0-0: Called Strike
0-1: Foul Ball, location: 2F
0-2: Ball
1-2: Foul Ball, location: 2F
1-2: Ball
2-2: Foul Ball, location: 2F
2-2: Ball
3-2: Base on Balls
Batting: RHB Glenn Woods 0-0: Ball
1-0: Called Strike
1-1: Fly out, F9 (Flyball, 89M)
Batting: RHB Jorge Rodríguez 0-0: Ball
1-0: Called Strike
1-1: Ball
2-1: Fielders Choice at 2nd, 1-4 (Groundball, 13)
Batting: RHB John Williams 0-0: Ball
1-0: Ball
2-0: Swinging Strike
2-1: Ground out 5-3 (Groundball, 56S)
Bottom of the 6th over - 0 run(s), 0 hit(s), 0 error(s), 1 left on base; Virginia Beach 5 - Athletic Club KC Academy 1
TOP OF THE 7TH
Virginia Beach Deuces batting - Pitching for Athletic Club KC Academy : RHP Jason Hamilton
Batting: RHB Luis Sáenz 0-0: Ball
1-0: Foul Ball, location: 2F
1-1: Called Strike
1-2: Foul Ball, location: 2F
1-2: Ball
2-2: SINGLE (Groundball, 56D)
Pitching: LHP António Silva
Batting: SHB Mark Kennedy 0-0: Sac Bunt - play at first, batter OUT! 6-3
Luis Sáenz to second
Batting: RHB Gerald Sims 0-0: Intentional Walk
Batting: RHB Dana Akers 0-0: Fly out, F7 (Flyball, 78S)
Batting: RHB Jim Unknown 0-0: Called Strike
0-1: Called Strike
0-2: Ball
1-2: Foul Ball, location: 2F
1-2: Strikes out swinging
Top of the 7th over - 0 run(s), 1 hit(s), 0 error(s), 2 left on base; Virginia Beach 5 - Athletic Club KC Academy 1
BOTTOM OF THE 7TH
Athletic Club KC Academy batting - Pitching for Virginia Beach Deuces : LHP Sam Rollins
Batting: RHB Ellis Martin 0-0: Ball
1-0: Foul Ball, location: 2F
1-1: Foul Ball, location: 2F
1-2: Ball
2-2: SINGLE (Flyball, 8RS)
Batting: LHB José Durán 0-0: Ball
1-0: Called Strike
1-1: Swinging Strike
1-2: Ball
2-2: Strikes out swinging
Batting: SHB Don Holmes 0-0: Swinging Strike
0-1: Swinging Strike
0-2: Strikes out swinging
Batting: RHB Bob Curry 0-0: Ball
1-0: Ball
2-0: Swinging Strike
2-1: Ball
3-1: Foul Ball, location: 2F
3-2: Base on Balls
Ellis Martin to second
Batting: SHB António Montés 0-0: Foul Ball, location: 2F
0-1: Ball
1-1: Ball
2-1: Ground out 6-3 (Groundball, 6)
Bottom of the 7th over - 0 run(s), 1 hit(s), 0 error(s), 2 left on base; Virginia Beach 5 - Athletic Club KC Academy 1
TOP OF THE 8TH
Virginia Beach Deuces batting - Pitching for Athletic Club KC Academy : LHP António Silva
Batting: SHB José Quintero 0-0: Called Strike
0-1: Called Strike
0-2: Strikes out swinging
Batting: LHB Jay Carlson 0-0: Ball
1-0: Called Strike
1-1: Called Strike
1-2: Ball
2-2: Strikes out swinging
Batting: RHB Javier Santos 0-0: Called Strike
0-1: Swinging Strike
0-2: Foul Ball, location: 2F
0-2: Ground out 4-3 (Groundball, 4)
Top of the 8th over - 0 run(s), 0 hit(s), 0 error(s), 0 left on base; Virginia Beach 5 - Athletic Club KC Academy 1
BOTTOM OF THE 8TH
Athletic Club KC Academy batting - Pitching for Virginia Beach Deuces : LHP Sam Rollins
Batting: RHB Chris Teague 0-0: Ball
1-0: Ground out 1-3 (Groundball, 13)
Batting: RHB Glenn Woods 0-0: Ground out 6-3 (Groundball, 56)
Batting: RHB Jorge Rodríguez 0-0: Ball
1-0: Ground out 6-3 (Groundball, 56)
Bottom of the 8th over - 0 run(s), 0 hit(s), 0 error(s), 0 left on base; Virginia Beach 5 - Athletic Club KC Academy 1
TOP OF THE 9TH
Virginia Beach Deuces batting - Pitching for Athletic Club KC Academy : LHP António Silva
Batting: RHB Lorenzo Ramírez 0-0: Called Strike
0-1: SINGLE (Line Drive, 8RS)
Batting: RHB Luis Sáenz 0-0: Called Strike
0-1: Foul Ball, location: 2F
0-2: Ball
1-2: Ball
2-2: Ground out 3-1 (Groundball, 34)
Lorenzo Ramírez to second
Batting: SHB Mark Kennedy 0-0: Called Strike
0-1: Foul Ball, location: 2F
0-2: Ball
1-2: Strikes out swinging
Pitching: RHP Stanley Griffin
Batting: RHB Gerald Sims 0-0: Foul Ball, location: 2F
0-1: Ball
1-1: Swinging Strike
1-2: Strikes out swinging
Top of the 9th over - 0 run(s), 1 hit(s), 0 error(s), 1 left on base; Virginia Beach 5 - Athletic Club KC Academy 1
BOTTOM OF THE 9TH
Athletic Club KC Academy batting - Pitching for Virginia Beach Deuces : LHP Sam Rollins
Batting: RHB John Williams 0-0: Ball
1-0: Foul Ball, location: 2F
1-1: Ball
2-1: Reached on error, E5 (Groundball, 56)
Pitching: RHP Jim Price
Batting: RHB Ellis Martin 0-0: Ball
1-0: Ball
2-0: Ball
3-0: Called Strike
3-1: Ground out 6-3 (Groundball, 6)
Batting: LHB José Durán 0-0: Ball
1-0: Ball
2-0: Swinging Strike
2-1: Called Strike
2-2: Foul Ball, location: 2F
2-2: Strikes out looking
Batting: SHB Don Holmes 0-0: Ball
1-0: Called Strike
1-1: Called Strike
1-2: Foul Ball, location: 2F
1-2: Foul Ball, location: 2F
1-2: DOUBLE (Line Drive, 78M)
John Williams scores
Batting: RHB Bob Curry 0-0: Swinging Strike
0-1: Ball
1-1: Foul Ball, location: 2F
1-2: Foul Ball, location: 2F
1-2: Strikes out swinging
Bottom of the 9th over - 1 run(s), 1 hit(s), 1 error(s), 1 left on base; Virginia Beach 5 - Athletic Club KC Academy 2
This league is powered by Out of the Park Baseball, the baseball management simulation game for PC, Mac and Linux
Friday, January 22nd, 2016 - OOTP Baseball 16.9 Build 39